 Dungeon Crawl Stone Soup version 0.28-a0-883-gc8d7bad45d (webtiles) character file.

Game seed: 5189311728154495348

32 ytrimaz the Skirmisher (level 3, -6/29 HPs)
             Began as a Demonspawn Fighter on Nov 21, 2021.
             Killed from afar by Sigmund (12 damage)
             ... with a puff of flame
             ... on level 2 of the Dungeon.
             The game lasted 00:01:06 (1089 turns).

ytrimaz the Skirmisher (Demonspawn Fighter)         Turns: 1089, Time: 00:01:06

Health: -6/29      AC:  8    Str: 17    XL:     3   Next: 10%
Magic:  3/3        EV:  9    Int:  9    God:
Gold:   97         SH:  4    Dex: 12    Spells: 2/2 levels left

rFire   . . .      SeeInvis .   a - +1 war axe
rCold   . . .      Faith    .   c - +0 buckler
rNeg    . . .      Spirit   .   b - +0 scale mail
rPois   .          Reflect  .   (no helmet)
rElec   .          Harm     .   (no cloak)
rCorr   .          Rampage  .   h - +1 pair of gloves
Will    .....                   (no boots)
Stlth   ..........              (no amulet)
HPRegen 0.09/turn               (no ring)
MPRegen 0.08/turn               (no ring)

@: mighty
A: hooves 1
a: no special abilities


You were on level 2 of the Dungeon.
You visited 1 branch of the dungeon, and saw 2 of its levels.

You collected 97 gold pieces.

Inventory:

Hand Weapons
 a - a +1 war axe (weapon)
Armour
 b - a +0 scale mail (worn)
 c - a +0 buckler (worn)
 h - a +1 pair of gloves (worn)
Potions
 g - a potion of resistance {unknown}


   Skills:
 + Level 3.2 Fighting
 * Level 2.5 Axes
 + Level 3.0 Armour
 + Level 2.9 Shields


You had 2 spell levels left.
You didn't know any spells.
Your spell library contained the following spells:

 Spells                   Type           Power      Damage    Failure   Level
 Apportation              Tloc           0%         N/A       83%         1
 Frozen Ramparts          Ice            0%         1d2       99%         3
 Ice Form                 Ice/Tmut       0%         N/A       100%        4
 Summon Ice Beast         Ice/Summ       0%         N/A       100%        4
 Alistair's Intoxication  Tmut/Pois      0%         N/A       100%        5


Dungeon Overview and Level Annotations

Branches:
Dungeon (2/15)

Altars:

Annotations:
D:2 Sigmund


Innate Abilities, Weirdness & Mutations

You have large cloven feet.


Message History

You barely miss the kobold. You kick the kobold.
The kobold is heavily wounded.
The kobold hits you with a +0 whip. The kobold closely misses you.
You hit the kobold.
You kill the kobold!
No target in view!
No target in view!
No target in view!
No target in view!
Things that are here:
a +0 whip; a kobold corpse Sigmund the Dreaded comes into view.
He is wielding a +0 scythe and carrying a wand of flame (14).
Sigmund shouts!
Sigmund gestures at you while chanting. The puff of flame hits you!
Sigmund is nearby!
Found a stone staircase leading down.
Sigmund says, "I'm your fate."
Sigmund zaps a wand.
The puff of flame hits you. Sigmund hits you with a +0 scythe!
* * * LOW HITPOINT WARNING * * *
You are too injured to fight recklessly!
You are too injured to fight recklessly!
You are too injured to fight recklessly!
You are too injured to fight recklessly!
You are too injured to fight recklessly!
You are too injured to fight recklessly!
You are too injured to fight recklessly!
You are too injured to fight recklessly!
You are too injured to fight recklessly!
You are too injured to fight recklessly!
You are too injured to fight recklessly!
You are too injured to fight recklessly!
Unknown command.
You feel very mighty all of a sudden.
You closely miss Sigmund. Sigmund closely misses you.
You closely miss Sigmund. You kick Sigmund!
Sigmund is moderately wounded.
Sigmund zaps a wand.
The puff of flame hits you!
You die...

#....†..#.##.
#..........#.
#.......#.(#.
#.......#..#. #
#########..#. #. #..#.
####.### #<.#.
#......#############.#.
#....@@...........)..#.
#......################
#......# ########.....
...>..... ..........###
###.##### ########..##
#. #######...## #
............
#######.#.## ####.#.#


You could see Sigmund.

Vanquished Creatures
  A dart slug (D:2)
  5 ball pythons
  4 bats
  5 endoplasms
  A giant cockroach (D:1)
  A goblin (D:1)
  A hobgoblin (D:2)
  3 jackals (D:1)
  4 kobolds
  A frilled lizard (D:1)
  2 rats (D:1)
28 creatures vanquished.

Notes
Turn   | Place    | Note
-------+----------+-------------------------------------------
     0 | D:1      | ytrimaz the Demonspawn Fighter began the quest for the Orb.
     0 | D:1      | Reached XP level 1. HP: 18/18 MP: 1/1
   207 | D:1      | Gained mutation: You have large cloven feet. [demonic
                  | ancestry]
   207 | D:1      | Reached XP level 2. HP: 22/24 MP: 2/2
  1021 | D:2      | Reached XP level 3. HP: 27/29 MP: 3/3
  1082 | D:2      | Noticed Sigmund
  1089 | D:2      | Killed from afar by Sigmund

Illustrated notes

Levels and vault maps discovered:
D:1:      dpeg_arrival_connections, layout_loops_ring
D:2:      layout_basic, ebering_ecumenical_altar_ruins, uniq_sigmund

Skill      XL: |  1  2 |
---------------+-------+-----
Axes           | 2 |  2.5
Armour         | 3 |  3.0
Fighting       | |  3.2
Shields        | |  2.9

Action                   || total
-------------------------++-------
Melee: War axe           ||    80
       Kick              ||    11
  Use: Scroll            ||     1
       Potion            ||     1
Armor: Scale mail        ||    49
Dodge: Dodged            ||    44
Block: Buckler           ||    28

Table legend: (Time is in decaauts)
 A = Elapsed time spent in this place.
 B = Non-inter-level travel time spent in this place.
 C = Inter-level travel time spent in this place.
 D = Time resting spent in this place.
 E = Time spent auto-exploring this place.
 F = Levels seen in this place.
 G = Mean time per level.
                   A        B        C        D        E       F      G
               +--------+--------+--------+--------+--------+-----+--------+
         Total |   1121 |   1109 |     12 |      0 |    847 |   2 |  560.5 |
       Dungeon |   1121 |   1109 |     12 |      0 |    847 |   2 |  560.5 |
               +--------+--------+--------+--------+--------+-----+--------+

Top non-repeatable levels by time:
     D:1: 807 daAuts
     D:2: 313 daAuts
